 Dungeon Crawl Stone Soup version 0.21.1-1-g345015fe64 (webtiles) character file.

392 Kejsarherre the Covered (level 6, -2/53 HPs)
             Began as a Gnoll Wanderer on May 3, 2018.
             Slain by Grinder (9 damage)
             ... on level 3 of the Dungeon.
             The game lasted 00:15:18 (3217 turns).

Kejsarherre the Covered (Gnoll Wanderer)            Turns: 3217, Time: 00:15:19

Health: -2/53      AC:  9    Str: 13    XL:     6   Next: 80%
Magic:  10/10      EV: 12    Int: 20    God:
Gold:   147        SH:  0    Dex: 14    Spells: 9/9 levels left

rFire    . . .     SeeInvis .   v - +3 quarterstaff (chaos)
rCold    . . .     Gourm    .   (shield currently unavailable)
rNeg     . . .     Faith    .   y - +2 robe {Archmagi}
rPois    .         Spirit   .   (no helmet)
rElec    .         Reflect  .   w - +0 cloak
rCorr    .         Harm     .   (no gloves)
MR       .....                  b - +0 pair of boots
Stlth    ++........             (no amulet)
HPRegen  0.17/turn              B - +4 ring of slaying
MPRegen  0.12/turn              (no ring)

@: no status effects
A: distributed training, fangs 1, iridescent scales 1, thin skeletal structure
1, high mp 1, strong nose
a: no special abilities


You were on level 3 of the Dungeon.
You were not hungry.

You visited 1 branch of the dungeon, and saw 4 of its levels.

You collected 147 gold pieces.

Inventory:

Hand Weapons
 k - a +2 whip of flaming
 u - a +0 mace of draining
 v - a +3 quarterstaff of chaos (weapon)
Missiles
 h - 29 poisoned needles
 t - 37 arrows
Armour
 b - a +0 pair of boots (worn)
 s - a +2 chain mail of poison resistance
 w - a +0 cloak (worn)
 y - a +2 robe of the Archmagi (worn)
Jewellery
 B - a +4 ring of slaying (left hand)
Wands
 p - a wand of iceblast (13)
Scrolls
 a - a scroll of enchant armour {unknown}
 d - a scroll of noise {unknown}
 e - a scroll of identify
 m - 2 scrolls of remove curse
 n - a scroll of blinking {unknown}
 o - a scroll of fog
 q - a scroll of magic mapping {unknown}
 z - a scroll of immolation {unknown}
 A - a scroll of teleportation
Potions
 c - a potion of lignification
 g - a potion of resistance
Comestibles
 f - 5 rations


   Skills:
 + Level 6.9 Fighting
 + Level 2.1 Short Blades
 + Level 2.1 Long Blades
 + Level 3.3 Axes
 + Level 3.3 Maces & Flails
 + Level 2.1 Polearms
 + Level 2.1 Staves
 + Level 2.1 Slings
 + Level 2.1 Bows
 + Level 2.1 Crossbows
 + Level 2.1 Throwing
 + Level 6.9 Armour
 + Level 2.1 Dodging
 + Level 2.1 Stealth
 + Level 3.3 Shields
 + Level 2.1 Unarmed Combat
 + Level 2.1 Spellcasting
 + Level 1.6 Conjurations
 + Level 1.6 Hexes
 + Level 1.6 Charms
 + Level 1.6 Summonings
 + Level 1.6 Necromancy
 + Level 1.6 Translocations
 + Level 1.6 Transmutations
 + Level 1.6 Fire Magic
 + Level 1.6 Ice Magic
 + Level 1.6 Air Magic
 + Level 1.6 Earth Magic
 + Level 1.6 Poison Magic
 + Level 2.3 Invocations
 + Level 3.3 Evocations


You had 9 spell levels left.
You didn't know any spells.

Dungeon Overview and Level Annotations

Branches:
Dungeon (4/15)
 Temple: D:4-7

Altars:

Annotations:
D:3 Grinder; PikkenKukken's ghost, amateur KoBe; Robin
D:4 grerr's ghost, amateur DsNe


Innate Abilities, Weirdness & Mutations

Your experience applies equally to all skills.
You have very sharp teeth.
Your uncanny sense of smell can sniff out nearby items.
You are partially covered in iridescent scales. (AC +2)
You have a somewhat thin skeletal structure. (Dex +2, Stealth)
You have an increased reservoir of magic. (+10% MP)


Message History

Grinder is heavily wounded.
Grinder hits you but does no damage.
You closely miss Grinder.
Grinder is heavily wounded.
Grinder gestures at you.
You barely resist. Grinder hits you but does no damage.
You completely miss Grinder.
Grinder is heavily wounded.
Grinder says, "FISH!"
Grinder hits you!
You writhe in agony.
You sock Grinder! You burn Grinder.
Grinder is almost dead.
Grinder hits you.
* * * LOW HITPOINT WARNING * * *
You writhe in agony.
* * * LOW HITPOINT WARNING * * *
You barely miss Grinder.
Grinder is almost dead.
Grinder hits you!
You die...

#.....g...# .
#######... . #..# #
###################...#
#
..........[.....[#..#.#
#
#)##############.#.##g#
# #<# ## #..# #.# ###
#.# #5## #.# #.# #@#
#.# #.##.# #.g# #.#(#
#.[## ##
#()###...###.##
##[...........#
##.[.........#
#..5.......#
#.......#### ###
###.....## #..


You could see Grinder.

Vanquished Creatures
  An ogre (D:4)
  A crimson imp (D:3)
  Crazy Yiuf (D:2)
  An orc priest (D:3)
  Jessica (D:3)
  Terence (D:1)
  An orc wizard (D:3)
  A gnoll (D:1)
  5 adders
  An ooze (D:1)
  An adder skeleton (D:4)
  2 worms
  2 dart slugs
  3 leopard geckos
  5 orcs
  A giant cockroach (D:3)
  14 goblins
  3 hobgoblins
  2 quokkas
  11 bats
  4 frilled lizards
  5 kobolds
  A leopard gecko skeleton (D:4)
  5 rats
73 creatures vanquished.

Notes
Turn   | Place    | Note
-------+----------+-------------------------------------------
     0 | D:1      | Kejsarherre the Gnoll Wanderer began the quest for the Orb.
     0 | D:1      | Kejsarherre set off with: a +0 shield, a +0 ring mail, a potion of lignification, a +0 club, a ration
     0 | D:1      | Reached XP level 1. HP: 23/23 MP: 2/2
   255 | D:1      | Reached XP level 2. HP: 20/29 MP: 3/3
   456 | D:1      | Reached XP level 3. HP: 31/35 MP: 4/4
   993 | D:2      | Reached skill level 1 in Invocations
  1091 | D:2      | Reached skill level 1 in Short Blades
  1091 | D:2      | Reached skill level 1 in Long Blades
  1091 | D:2      | Reached skill level 1 in Polearms
  1091 | D:2      | Reached skill level 1 in Staves
  1091 | D:2      | Reached skill level 1 in Slings
  1091 | D:2      | Reached skill level 1 in Bows
  1091 | D:2      | Reached skill level 1 in Crossbows
  1091 | D:2      | Reached skill level 1 in Throwing
  1091 | D:2      | Reached skill level 1 in Dodging
  1091 | D:2      | Reached skill level 1 in Stealth
  1091 | D:2      | Reached skill level 1 in Unarmed Combat
  1091 | D:2      | Reached skill level 1 in Spellcasting
  1112 | D:2      | Noticed Terence
  1228 | D:1      | Killed Terence
  1228 | D:1      | Reached XP level 4. HP: 16/41 MP: 6/6
  1550 | D:2      | Found a runed door.
  1686 | D:2      | Noticed Crazy Yiuf
  1699 | D:2      | Killed Crazy Yiuf
  1699 | D:2      | Reached skill level 1 in Conjurations
  1699 | D:2      | Reached skill level 1 in Hexes
  1699 | D:2      | Reached skill level 1 in Charms
  1699 | D:2      | Reached skill level 1 in Summonings
  1699 | D:2      | Reached skill level 1 in Necromancy
  1699 | D:2      | Reached skill level 1 in Translocations
  1699 | D:2      | Reached skill level 1 in Transmutations
  1699 | D:2      | Reached skill level 1 in Fire Magic
  1699 | D:2      | Reached skill level 1 in Ice Magic
  1699 | D:2      | Reached skill level 1 in Air Magic
  1699 | D:2      | Reached skill level 1 in Earth Magic
  1699 | D:2      | Reached skill level 1 in Poison Magic
  1949 | D:2      | Reached XP level 5. HP: 47/47 MP: 7/7
  2136 | D:3      | Noticed Jessica
  2143 | D:3      | Killed Jessica
  2183 | D:4      | Noticed an ogre
  2195 | D:4      | Killed an ogre
  2195 | D:4      | Reached XP level 6. HP: 31/53 MP: 8/8
  2490 | D:4      | Noticed a phantom
  2513 | D:4      | Noticed grerr's ghost (amateur DsNe)
  2549 | D:3      | Gained mutation: You are frail. (-10% HP) [potion of mutation]
  2549 | D:3      | Gained mutation: Your spells are a little harder to cast, but a little more powerful. [potion of mutation]
  2549 | D:3      | Gained mutation: You have an increased reservoir of magic. (+10% MP) [potion of mutation]
  2549 | D:3      | Gained mutation: Your flesh is heat resistant. (rF+) [potion of mutation]
  2554 | D:3      | Noticed Robin
  2554 | D:3      | Noticed Grinder
  2581 | D:3      | Noticed PikkenKukken's ghost (amateur KoBe)
  2781 | D:2      | Lost mutation: You are frail. (-10% HP) [potion of mutation]
  2781 | D:2      | Lost mutation: Your spells are a little harder to cast, but a little more powerful. [potion of mutation]
  2781 | D:2      | Lost mutation: Your flesh is heat resistant. (rF+) [potion of mutation]
  2781 | D:2      | Gained mutation: You have a somewhat thin skeletal structure. (Dex +2, Stealth) [potion of mutation]
  2781 | D:2      | Gained mutation: You are partially covered in iridescent scales. (AC +2) [potion of mutation]
  2879 | D:3      | HP: 4/118 [goblin[Robin] (4)]
  3208 | D:3      | Paralysed by Grinder for 3 turns
  3217 | D:3      | Slain by Grinder

Skill      XL: |  1  2  3  4  5  6 |
---------------+-------------------+-----
Invocations    | 1 2 |  2.3
Short Blades   | 1 2 |  2.1
Long Blades    | 1 2 |  2.1
Polearms       | 1 2 |  2.1
Staves         | 1 2 |  2.1
Slings         | 1 2 |  2.1
Bows           | 1 2 |  2.1
Crossbows      | 1 2 |  2.1
Throwing       | 1 2 |  2.1
Dodging        | 1 2 |  2.1
Stealth        | 1 2 |  2.1
Unarmed Combat | 1 2 |  2.1
Spellcasting   | 1 2 |  2.1
Conjurations   | 1 |  1.6
Hexes          | 1 |  1.6
Charms         | 1 |  1.6
Summonings     | 1 |  1.6
Necromancy     | 1 |  1.6
Translocations | 1 |  1.6
Transmutations | 1 |  1.6
Fire Magic     | 1 |  1.6
Ice Magic      | 1 |  1.6
Air Magic      | 1 |  1.6
Earth Magic    | 1 |  1.6
Poison Magic   | 1 |  1.6
Axes           | 3 |  3.3
Maces & Flails | 3 |  3.3
Shields        | 3 |  3.3
Evocations     | 3 |  3.3
Fighting       | |  6.9
Armour         | |  6.9

Action                   |  1- 3 |  4- 6 || total
-------------------------+-------+-------++-------
Melee: Club              |    53 |       ||    53
       Bite              |    10 |     5 ||    15
       Flail             |    35 |       ||    35
       Whip              |    56 |     4 ||    60
       Mace              |       |    10 ||    10
       Quarterstaff      |       |   106 ||   106
  Use: Potion            |     1 |     9 ||    10
       Scroll            |       |     3 ||     3
 Stab: Confused          |       |     1 ||     1
       Paralysed         |       |     1 ||     1
  Eat: Chunk             |     1 |     5 ||     6
       Ration            |       |     1 ||     1
Armor: Ring mail         |    62 |       ||    62
       Skin              |     6 |    93 ||    99
       Chain mail        |       |    19 ||    19
       Robe              |       |    24 ||    24
Dodge: Dodged            |    41 |    60 ||   101
Block: Shield            |    72 |     7 ||    79
